[Event "Early-Titled-Tuesday-Blitz-May-28-2024"]
[Site "Chess.com"]
[Date "2024.05.28"]
[Round "6"]
[White "AljoschaFeuerstack"]
[Black "Thunderbolt135"]
[Result "0-1"]
[WhiteElo "2655"]
[BlackElo "2880"]
[TimeControl "180+1"]
[EndTime "9:08:02 PDT"]
[Termination "Thunderbolt135 won on time"]

1. e4 c5 2. Nf3 e6 3. d3 Nc6 4. g3 d5 5. Nbd2 g6 6. Bg2 Bg7 7. O-O Nge7 8. c3 h6 9. Re1 b6 10. exd5 Nxd5 11. Nc4 O-O 12. a4 Qc7 13. Nfd2 Rd8 14.
Qc2 Bb7 15. Nf1 Qd7 16. h4 Rab8 17. Nh2 Nf6 18. Bf4 Ra8 19. Nd6 Ba6 20. d4 Nd5 21. Bxd5 exd5 22. dxc5 bxc5 23. Rad1 d4 24. Qd2 g5 25.
hxg5 hxg5 26. Bxg5 Qxd6 27. Bxd8 Rxd8 28. Qg5 Bb7 29.
Ng4 Qg6 30. Qxg6 fxg6 31. Nh2 Kf7 32. Nf1 dxc3 33. Rxd8 Nxd8 34. bxc3 Bxc3 35. Rd1 Bd4 36. Ne3 Ne6 37. Nc4 Bd5 38. Nd6+ Ke7 39. Nc8+ Kd7 40. Nxa7 Ng5 41. Nb5 Nf3+ 42. Kf1 g5 43. a5 g4 44. Nxd4 cxd4 45. a6 Bc4+ 46. Kg2 Bxa6 47. Ra1 Bb7 48. Ra7 Kc7 49. Kf1 Kb6 50. Ra3 Ba6+ 51. Kg2 d3 52.
Ra4 d2 53. Rb4+ Kc5 54. Rxg4 d1=Q 0-1

[Event "Early-Titled-Tuesday-Blitz-May-28-2024"]
[Site "Chess.com"]
[Date "2024.05.28"]
[Round "6"]
[White "nabukatnezarr"]
[Black "MathiasWomacka"]
[Result "1-0"]
[WhiteElo "2663"]
[BlackElo "2519"]
[TimeControl "180+1"]
[EndTime "9:08:02 PDT"]
[Termination "nabukatnezarr won on time"]

1. b3 e5 2. Bb2 Nc6 3. e3 Nf6 4. Bb5 Bd6 5. d3 Ne7 6. d4 e4 7. Nd2 c6 8. Be2 Bc7 9. c4 d5 10. Nh3 Bxh3 11. gxh3 Nf5 12. Qc2 O-O 13. O-O-O b5 14.
c5 Qb8 15. a3 Bxh2 16. Kb1 Bc7 17. h4 h5 18. Rdg1 g6 19. Rg5 Kh7 20. Qd1 Qd8 21.
Bxh5 Nxh5 22. Rxf5 Ng7 23. Rg5 Qf6 24. Qe2 Rh8 25. Rhg1 Kg8 26. R5g4 Rh5 27. Ka2 Rxh4 28. Rxh4 Qxh4 29. f3 exf3 30. Qxf3 Re8 31. Rg4 Qe7 32.
e4 dxe4 33. Rxe4 Qd7 34. Rh4 Nf5 35. Rh1 Qd5 36. Qh3 Kf8 37. Qh8+ Ke7 38. Re1+ Qe6 39. Rxe6+ fxe6 40. Qh7+ Kd8 41. Ne4 Ne7 42. Nd6 Rf8 43.
Nf7+ Ke8 44. Ne5 Rf2 45. Nxg6 Nxg6 46. Qxg6+ Ke7 47. Qg7+ Kd8 48. Qg5+ Kd7 49. Qg7+ Kd8 50. Qg8+ Kd7 51. Qh7+ Kc8 52. Qh8+ Kd7 53. Qh7+ Kc8 54.
Qh4 Re2 55. Qe7 Kb7 56. Qd7 1-0

[Event "Early-Titled-Tuesday-Blitz-May-28-2024"]
[Site "Chess.com"]
[Date "2024.05.28"]
[Round "6"]
[White "balack95"]
[Black "remyrushbrooke"]
[Result "1-0"]
[WhiteElo "2503"]
[BlackElo "2277"]
[TimeControl "180+1"]
[EndTime "9:08:02 PDT"]
[Termination "balack95 won by checkmate"]

1. Nf3 g6 2. c4 Bg7 3. g3 e5 4. Bg2 e4 5. Ng1 f5 6. Nc3 Nf6 7. d4 d5 8. cxd5 Nxd5 9. Nh3 O-O 10. O-O Nc6 11. Bg5 Nxc3 12. bxc3 Qd5 13. Qb3 Qxb3 14. axb3 Be6 15. Rfb1 h6 16. Bc1 g5 17. e3 b5 18. Ra6 Bd5 19. Bf1 Rfb8 20. Rba1 Rb7 21. c4 Nb4 22. cxd5 Nxa6 23. Rxa6 Rd8 24. Ba3 Rxd5 25. Bc5 Rd8 26. b4 Kh7 27. f3 Re8 28.
Nf2 exf3 29. Bd3 Rxe3 30. Bxf5+ Kh8 31. Ng4 Rc3 32. Kf2 Rc4 33. Kxf3 Bxd4 34. Bxd4+ Rxd4 35.
Rxh6+ Kg7 36. Rg6+ Kf7 37. Ne5+ Ke7 38. Re6+ Kf8 39.
Nc6 Rc4 40. h3 Rc3+ 41. Kg4 Rb6 42. Nd4 Rxe6 43. Nxe6+ Ke7 44. Kxg5 Rc4 45. g4 Rxb4 46. h4 Rc4 47. h5 Rc6 48. Nd4 Rc5 49. h6 Kf7 50. h7 Kg7 51. Ne6+ Kh8 52. Nxc5 b4 53. Kf6 a5 54. g5 b3 55. g6 b2 56. g7# 1-0

[Event "Early-Titled-Tuesday-Blitz-May-28-2024"]
[Site "Chess.com"]
[Date "2024.05.28"]
[Round "6"]
[White "RespectfulDaveOnYouTube"]
[Black "simaopdias"]
[Result "1-0"]
[WhiteElo "2496"]
[BlackElo "2247"]
[TimeControl "180+1"]
[EndTime "9:08:03 PDT"]
[Termination "RespectfulDaveOnYouTube won by resignation"]

1. e4 c5 2. d4 cxd4 3. c3 d3 4. Bxd3 g6 5. h4 h5 6. Bg5 Bg7 7. Nf3 Nc6 8. Nbd2 d6 9. O-O Bg4 10. Qb3 Qb6 11. Qxb6 axb6 12. Nh2 Bd7 13. Nc4 b5 14.
Nb6 Ra5 15. Nf3 Nf6 16. Rfd1 Be6 17. b4 Ra6 18. Bxf6 Bxf6 19. Nd5 Bxd5 20. exd5 Na7 21. a4 Bxc3 22. Rac1 Bxb4 23. Bxb5+ Nxb5 24. Rc8+ Kd7 25. Rxh8 Nc3 26. Re1 Nxd5 27. Re4 f5 28. Rd4 Ra5 29.
Rg8 e5 30. Rd1 Nf4 31. g3 Ne2+ 32. Kf1 Nc3 33. Rd3 e4 34. Rd4 exf3 35. Rxb4 Rd5 36. Kg1 Rd1+ 37. Kh2 Rf1 38. Rg7+ Kc6 39. Rc4+ Kd5 40.
Rxc3 Rxf2+ 41. Kg1 Rg2+ 42. Kf1 Rxg3 43. Kf2 Rh3 44. Rxb7 Rxh4 45. Rb5+ Ke6 46. Re3+ Kf6 47.
a5 g5 48. Rxf3 Ra4 49. Rd3 g4 50. Rxd6+ Kg5 51. Rdd5 Rf4+ 52. Kg2 h4 53. Rxf5+ Rxf5 54. Rxf5+ Kxf5 55. a6 Kf4 56. a7 h3+ 57. Kg1 1-0

[Event "Early-Titled-Tuesday-Blitz-May-28-2024"]
[Site "Chess.com"]
[Date "2024.05.28"]
[Round "6"]
[White "ChrisTool2"]
[Black "Nf3c5"]
[Result "0-1"]
[WhiteElo "2378"]
[BlackElo "2563"]
[TimeControl "180+1"]
[EndTime "9:08:04 PDT"]
[Termination "Nf3c5 won by checkmate"]

1. d4 Nf6 2. c4 g6 3. f3 Bg7 4.
e4 d6 5. Nc3 a6 6. Nge2 Nbd7 7.
Bg5 c5 8. d5 b5 9. Ng3 Qa5 10.
Qd2 Nb6 11. cxb5 O-O 12. Be2 axb5 13. Bxb5 Ba6 14. Bxa6 Qxa6 15. Qe2 Rfb8 16. O-O h6 17. Bf4 Nfd7 18. h4 Na4 19. Nxa4 Qxe2 20. Nxe2 Rxa4 21. Nc3 Rc4 22. h5 Rxb2 23. Nd1 Re2 24. Rc1 Ra4 25. hxg6 Raxa2 26. gxf7+ Kxf7 27. g4 Bd4+ 28. Kh1 Be5 29. Nc3 Bxf4 30. Nxa2 Rxa2 31. Ra1 Rh2+ 32. Kg1 Ne5 33. Ra3 c4 34. Rc3 h5 35.
gxh5 Rxh5 36. Rb1 Rg5+ 37. Kf1 Bd2 38. Ra3 c3 39. Ke2 c2 40. Rba1 c1=Q 41. Rxc1 Bxc1 42. Ra1 Bf4 43. Ra8 Rg2+ 44. Kf1 Rc2 45. Rh8 Nd3 46. Rh7+ Kf6 47. Rh4 Ke5 48. Rh7 Kd4 49. Rxe7 Ke3 50. e5 Bxe5 51. f4 Kf3 52. Rxe5 Rc1+ 53. Re1 Rxe1# 0-1

[Event "Early-Titled-Tuesday-Blitz-May-28-2024"]
[Site "Chess.com"]
[Date "2024.05.28"]
[Round "6"]
[White "EvgenyBurmakin"]
[Black "FMStan15"]
[Result "1-0"]
[WhiteElo "2346"]
[BlackElo "2140"]
[TimeControl "180+1"]
[EndTime "9:08:04 PDT"]
[Termination "EvgenyBurmakin won by resignation"]

1. Nf3 Nf6 2. b3 g6 3. Bb2 Bg7 4. e3 d6 5. Be2 e5 6. d3 O-O 7.
Nbd2 Nh5 8. c4 e4 9. Bxg7 exf3 10. Bxf8 fxe2 11. Qxe2 Qxf8 12. O-O Nc6 13. Rab1 a5 14. f4 Nf6 15. Nf3 Bg4 16. h3 Bxf3 17. Qxf3 Re8 18.
a3 Qe7 19. Rfe1 Nd7 20. b4 axb4 21. axb4 f5 22. b5 Nd8 23. Ra1 Nc5 24. Ra8 Nxd3 25.
Qd5+ Qe6 26. Qxd3 Nf7 27. Rxe8+ Qxe8 28. e4 c6 29. bxc6 bxc6 30. Re2 Qd7 31. e5 Qa7+ 32. Kh2 dxe5 33. fxe5 Qc7 34. Qg3 Qe7 35. e6 Nd8 36. Qe5 c5 37. Qd5 Kf8 38. Qd7 Nb7 39. Re5 Nd6 40. Rd5 Nxc4 41. Qc8+ Kg7 42. Rd7 Kf6 43. Rxe7 Kxe7 44. Qd7+ Kf6 45. Qf7+ Ke5 46. e7 Nd6 47. e8=N Nxe8 48. Qxe8+ Kd4 49. Qd7+ Kc3 50. Qxh7 c4 51. Qxg6 Kd2 52. Qxf5 c3 53. h4 c2 54. Qxc2+ Kxc2 55. h5 Kd3 56. h6 Ke4 57. h7 Kf5 58. h8=Q Kg6 59. Qe5 Kh7 60. Qg5 Kh8 61. Kg3 Kh7 62. Kf4 Kh8 63. Kf5 Kh7 64. Kf6 1-0

[Event "Early-Titled-Tuesday-Blitz-May-28-2024"]
[Site "Chess.com"]
[Date "2024.05.28"]
[Round "6"]
[White "KNVB"]
[Black "andrzej"]
[Result "1-0"]
[WhiteElo "2769"]
[BlackElo "2499"]
[TimeControl "180+1"]
[EndTime "9:08:05 PDT"]
[Termination "KNVB won by resignation"]

1. e4 e5 2. Nf3 Nf6 3. Nc3 Bb4 4. Nxe5 O-O 5. Nd3 Bxc3 6. dxc3 Nxe4 7. Be3 Re8 8. Be2 b6 9. O-O Bb7 10. Bf3 d6 11. Re1 Nd7 12. c4 Qf6 13. a4 a5 14.
c3 Rad8 15. Nf4 Ne5 16. Be2 Qf5 17. Nd5 Qc8 18. f3 Nc5 19. Bf1 Bxd5 20. cxd5 Qf5 21.
Bb5 Rf8 22. Bd4 Ned3 23. Qc2 Qg6 24. Re3 Nf4 25. Qxg6 hxg6 26. Bc6 f6 27. Rd1 g5 28. b4 axb4 29. cxb4 Nd7 30. g3 Ng6 31. a5 bxa5 32.
bxa5 Nge5 33. a6 g4 34. f4 Nf3+ 35. Kf2 Nxd4 36. Rxd4 Nc5 37. a7 Ra8 38. Ra3 Rfb8 39. axb8=Q+ Rxb8 40. Ra8 Rxa8 41. Bxa8 Nb3 42. Rd3 Nc1 43.
Rc3 Na2 44. Rc4 Kf7 45. Bc6 f5 46. Ke2 g5 47. fxg5 Kg6 48. Kd2 Kxg5 49. Kc2 f4 50. gxf4+ Kf5 51. Kb2 g3 52. hxg3 Kg4 53. Kxa2 Kxg3 54.
Kb3 Kg4 55. Ka4 Kf5 56. Kb5 1-0

[Event "Early-Titled-Tuesday-Blitz-May-28-2024"]
[Site "Chess.com"]
[Date "2024.05.28"]
[Round "6"]
[White "Fh2411"]
[Black "tylityli"]
[Result "1-0"]
[WhiteElo "2545"]
[BlackElo "2374"]
[TimeControl "180+1"]
[EndTime "9:08:06 PDT"]
[Termination "Fh2411 won by resignation"]

1. d4 Nf6 2. Nf3 d5 3. Bf4 c5 4. e3 Nc6 5. Nbd2 Qb6 6. dxc5 Qxb2 7. Rb1 Qa3 8. Bb5 Bd7 9. O-O Qxc5 10. c4 e6 11. Nb3 Qb6 12. Nbd4 Qd8 13. Nxc6 bxc6 14.
Ba6 Bc8 15. Qa4 Bxa6 16. Qxc6+ Nd7 17. Qxa6 Be7 18. cxd5 exd5 19. Rfd1 O-O 20. Rxd5 Nc5 21. Qc4 Qa5 22. h3 Rac8 23. Nd4 Qa3 24. Nb5 Qa6 25. Qe2 Ne6 26. Bg3 Rfd8 27. Rxd8+ Rxd8 28. Qc2 h6 29. a4 Bf6 30. Kh2 g6 31. Qb3 Bg7 32. Qb4 Rd7 33. Rc1 Qb7 34. Qc4 a6 35. Qc8+ Qxc8 36. Rxc8+ Rd8 37. Rxd8+ Nxd8 38. Nc7 a5 39. Bd6 Bc3 40.
Nd5 Be1 41. Kg1 Nc6 42. Kf1 Bb4 43. Bxb4 Nxb4 44. Nxb4 axb4 45. Ke2 Kf8 46. Kd3 Ke7 47.
Kc4 Kd6 48. Kxb4 Kc6 49. Kc4 Kb6 50. Kd5 Ka5 51. Ke5 Kxa4 52. Kf6 Kb3 53. Kxf7 Kc3 54. e4 Kd3 55. e5 Ke2 56. Kxg6 1-0

[Event "Early-Titled-Tuesday-Blitz-May-28-2024"]
[Site "Chess.com"]
[Date "2024.05.28"]
[Round "6"]
[White "Kunalm64"]
[Black "DanielDardha2005"]
[Result "1-0"]
[WhiteElo "2682"]
[BlackElo "2868"]
[TimeControl "180+1"]
[EndTime "9:08:07 PDT"]
[Termination "Kunalm64 won by resignation"]

1. e4 c5 2. Nf3 Nc6 3. Bb5 e6 4.
O-O Nge7 5. d4 cxd4 6. Nxd4 Qb6 7. Nxc6 bxc6 8. Bd3 Ng6 9. Nc3 Be7 10. Kh1 d5 11. f4 dxe4 12. Nxe4 c5 13. Qe2 O-O 14.
b3 Bb7 15. Bb2 f5 16. Nd2 Nh4 17. Rf2 Bf6 18. Nc4 Qc7 19. Qxe6+ Kh8 20. Be5 Bxe5 21. Qxe5 Qc6 22. Na5 Qxg2+ 23. Rxg2 Bxg2+ 24. Kg1 Nf3+ 25. Kxg2 Nxe5 26. fxe5 Rae8 27. Re1 Re6 28. Nb7 Rg6+ 29. Kf3 Rh6 30. e6 Re8 31. e7 a6 32. Nxc5 Rf6 33.
Bc4 g5 34. Nxa6 Rh6 35. Nc7 g4+ 36. Kf4 Rc8 37. e8=Q+ Rxe8 38. Rxe8+ Kg7 39. Rg8+ Kf6 40. Nd5+ Kf7 41. Ne3+ Kf6 42. Rf8+ Kg6 43. Bf7+ Kf6 44. Bd5+ Kg6 45. Nxf5 Rxh2 46. Rg8+ Kf6 47. Rf8+ Kg6 48.
Ne7+ Kg7 49. Rf7+ Kh8 50. Nf5 h5 51. Rf8+ Kh7 52. Kg5 g3 53. Rf7+ Kh8 54. Kh6 Kg8 55. Ne7+ 1-0

[Event "Early-Titled-Tuesday-Blitz-May-28-2024"]
[Site "Chess.com"]
[Date "2024.05.28"]
[Round "6"]
[White "DvaHrasta"]
[Black "Matsanovic"]
[Result "0-1"]
[WhiteElo "2437"]
[BlackElo "2618"]
[TimeControl "180+1"]
[EndTime "9:08:07 PDT"]
[Termination "Matsanovic won on time"]

1. c4 e6 2. g3 d5 3. d4 Nf6 4.
Bg2 dxc4 5. Nf3 a6 6. O-O Nc6 7. a4 Bb4 8. Na3 c3 9. b3 O-O 10. Nc2 a5 11. Qd3 b6 12. Rd1 Ba6 13. Qe3 Nd5 14. Qe4 h6 15. Ne5 Nxe5 16. dxe5 Qe7 17. Qg4 Kh8 18. e4 f5 19. exf6 Nxf6 20.
Qh4 Rad8 21. Be3 Bd3 22. Rac1 Bxc2 23. Rxd8 Qxd8 24. e5 Bf5 25. exf6 Qxf6 26. Qxf6 Rxf6 27. Bd4 Rf7 28. Bxc3 c5 29. Bxb4 axb4 30. Bf1 Rd7 31. Bc4 Kh7 32. f4 h5 33. Re1 Rd6 34. Re5 Kg6 35.
a5 bxa5 36. Rxc5 Rd1+ 37. Kf2 Rd2+ 38. Ke3 Ra2 39. Rc6 Kf6 40. h4 Rg2 41. Kf3 Rb2 42.
Ke3 Rc2 43. Ra6 Ra2 44. Rb6 Ra3 45. Kd4 Ra1 46. Ra6 Rd1+ 47. Kc5 Rg1 48. Rxa5 Rxg3 49. Kxb4 Rg4 50. Kc5 Rxh4 51. b4 Rxf4 52. b5 h4 53. b6 Be4 0-1

[Event "Early-Titled-Tuesday-Blitz-May-28-2024"]
[Site "Chess.com"]
[Date "2024.05.28"]
[Round "6"]
[White "ilqar_74"]
[Black "mangochessgo"]
[Result "0-1"]
[WhiteElo "2766"]
[BlackElo "2617"]
[TimeControl "180+1"]
[EndTime "9:08:08 PDT"]
[Termination "mangochessgo won by resignation"]

1. e4 e6 2. d4 d5 3. Nc3 dxe4 4. Nxe4 Nd7 5. Nf3 Ngf6 6. Bd3 Nxe4 7. Bxe4 Nf6 8. Bg5 Be7 9. Bxf6 Bxf6 10. O-O O-O 11. Qe2 c5 12. dxc5 Qa5 13. c3 Qxc5 14. Rad1 a5 15. Rd2 a4 16. a3 Ra5 17. Rfd1 g6 18. Bc2 Kg7 19. h3 h5 20. Nd4 Qb6 21. Bb1 Bd7 22. Nb3 Bb5 23. c4 axb3 24. cxb5 Rxb5 25. Bd3 Re5 26. Qf3 Rd8 27. Be4 Rxd2 28. Rxd2 Qc7 29. Rd1 b6 30. g3 Qc4 31. Bb1 Rd5 32. Rxd5 exd5 33. Bd3 Qc1+ 34. Kg2 Qxb2 35. Qxd5 Bd4 36. Qf3 Qc3 37. Be4 b2 38. Qxc3 Bxc3 39. a4 f5 40. Bb1 Kf6 41. Kf3 g5 42. Ke3 g4 43. h4 Ke5 44. Ke2 Bd4 45. Bc2 f4 46. Bb1 f3+ 47.
Ke1 Kd5 48. Bg6 Kc4 49. Bc2 Kc3 50. Bb1 Kb3 51. Bh7 Ka2 0-1

[Event "Early-Titled-Tuesday-Blitz-May-28-2024"]
[Site "Chess.com"]
[Date "2024.05.28"]
[Round "6"]
[White "Dubs123"]
[Black "DarZay"]
[Result "0-1"]
[WhiteElo "2440"]
[BlackElo "2306"]
[TimeControl "180+1"]
[EndTime "9:08:10 PDT"]
[Termination "DarZay won by resignation"]

1. c4 e6 2. d4 d5 3. Nc3 Be7 4.
cxd5 exd5 5. Bf4 c6 6. Qc2 Nf6 7. e3 O-O 8. h3 c5 9. Nf3 cxd4 10.
Nxd4 Nc6 11. Rd1 Nxd4 12. Rxd4 Be6 13. Be2 Bc5 14. Rd2 Rc8 15. O-O Bb4 16. Bf3 Bxc3 17. bxc3 Qa5 18. Be5 Nd7 19. Bd4 b5 20. Qb2 Nc5 21.
Rb1 a6 22. Qb4 Qxb4 23. cxb4 Ne4 24. Bxe4 dxe4 25. Bc5 Rfd8 26. Rbd1 Rxd2 27. Rxd2 h6 28. Kh2 a5 29. a3 axb4 30. axb4 Bc4 31. Kg3 Ra8 32. Rd4 Bd3 33. f3 f5 34. fxe4 fxe4 35. Rd7 g5 36. Bd4 Ra2 37. Rg7+ Kf8 38. Rh7 Bf1 39. Kg4 Rxg2+ 40. Kf5 Rh2 41. Kf6 Rf2+ 42. Ke5 Bxh3 43. Rxh6 g4 44. Kxe4 Rf7 45. Rg6 Ke7 46.
Kd5 Rf5+ 47. Kc6 Bg2+ 48. Kb6 Bf3 49. Bc5+ Kf7 50. Rh6 Rf6+ 51. Rxf6+ Kxf6 52. Bd6 Be2 53. Bg3 Kf5 54. Kc5 Ke4 55. Bf4 Kf3 56. Kd4 g3 57.
Bxg3 Kxg3 58. e4 Kf4 59. e5 Bc4 0-1

[Event "Early-Titled-Tuesday-Blitz-May-28-2024"]
[Site "Chess.com"]
[Date "2024.05.28"]
[Round "6"]
[White "zverr1"]
[Black "Flaccidmoves"]
[Result "0-1"]
[WhiteElo "2620"]
[BlackElo "2497"]
[TimeControl "180+1"]
[EndTime "9:08:11 PDT"]
[Termination "Flaccidmoves won by resignation"]

1. e4 Nf6 2. Nc3 d5 3. exd5 Nxd5 4. Nxd5 Qxd5 5. Qf3 Be6 6. Bd3 Nc6 7. Be4 Qd7 8.
Ne2 g6 9. c3 Bg7 10. d4 Rd8 11. Bf4 O-O 12. O-O Bg4 13. Qe3 Bxe2 14. Qxe2 e6 15.
Rad1 a6 16. Qf3 Na5 17. b4 Nc4 18. Bxb7 Qa4 19. Bxc7 Qxa2 20. Bxd8 Rxd8 21. Ra1 Qb3 22. Qd3 Rxd4 23. Rfb1 Rxd3 24. Rxb3 Nd2 25. Rd1 Bxc3 26.
Bxa6 Nf3+ 27. gxf3 Rxd1+ 28. Kg2 Bd4 29. Be2 Rd2 30.
Kf1 Rc2 31. b5 Bb6 32. Ra3 Rc1+ 33. Kg2 Rc2 34. Kf1 Rc1+ 35. Kg2 Rc2 36. Ra6 Bd4 37.
Ra8+ Kg7 38. Bd3 Rxf2+ 39. Kg3 Rb2 40. Rb8 Be5+ 41. f4 Bxb8 42. Kf3 Rb4 43. Ke3 Bxf4+ 44. Ke2 Bb8 45. h3 f5 46. Kf3 e5 47. Bf1 e4+ 48.
Ke3 Kf6 49. Kd2 Ke5 50. Kc3 Bd6 51. Be2 f4 52. Kd2 f3 53. Bf1 Bc5 54. Kc3 e3 55. Kd3 e2 56. Bxe2 fxe2 57. Kxe2 Rxb5 58. h4 Rb4 59.
Kf3 Rxh4 60. Kg3 Rf4 61. Kh3 Bf8 62. Kg2 Ke4 0-1

[Event "Early-Titled-Tuesday-Blitz-May-28-2024"]
[Site "Chess.com"]
[Date "2024.05.28"]
[Round "6"]
[White "BarloNadera"]
[Black "DeyanKostov"]
[Result "1-0"]
[WhiteElo "2088"]
[BlackElo "2446"]
[TimeControl "180+1"]
[EndTime "9:08:11 PDT"]
[Termination "BarloNadera won by resignation"]

1. d4 d5 2. Nf3 Nf6 3. c4 dxc4 4. e3 Bg4 5. Bxc4 e6 6. h3 Bh5 7. O-O a6 8. Be2 Nc6 9. Nc3 Bd6 10. a3 O-O 11. b4 Qe7 12. Bb2 Rad8 13. Qb3 e5 14. d5 e4 15. Nxe4 Nxe4 16. dxc6 bxc6 17. Rfd1 Rd7 18. Rac1 Rfd8 19. Rxc6 h6 20. Rxa6 Bxf3 21. Bxf3 Ng5 22. Be2 Qe4 23. Qc3 Qg6 24. Kf1 f6 25.
Qc4+ Kh8 26. Bd4 Ne4 27. Bf3 Ng5 28. Bg4 Re7 29. Qc6 Ne4 30. Bf3 Ng5 31. Ra8 Ree8 32. Rxd8 Rxd8 33. Be2 Qf5 34. Kg1 Ne4 35. Bf3 Ng5 36.
Bg4 Qg6 37. Kf1 h5 38. Be2 h4 39. Rc1 Qf5 40. Bg4 Qg6 41. Qc2 Qf7 42. Bf5 Ra8 43. Bb2 Qd5 44. Bg6 Rd8 45. Qe2 Nxh3 46. e4 Qg5 47. gxh3 Qxg6 48. Qf3 Qg5 49. Rd1 Re8 50. Rd5 Be5 51. Bxe5 Rxe5 52. Rxe5 Qxe5 53. Kg2 Kh7 54.
Qf5+ Qxf5 55. exf5 1-0

[Event "Early-Titled-Tuesday-Blitz-May-28-2024"]
[Site "Chess.com"]
[Date "2024.05.28"]
[Round "6"]
[White "GMMikhailKazakov"]
[Black "Pomegranate988"]
[Result "0-1"]
[WhiteElo "2515"]
[BlackElo "2664"]
[TimeControl "180+1"]
[EndTime "9:08:12 PDT"]
[Termination "Pomegranate988 won on time"]

1. d4 Nf6 2. c4 g6 3. Nc3 Bg7 4. Nf3 O-O 5. Bg5 c5 6. e3 h6 7. Bh4 b6 8. Be2 Bb7 9. O-O d6 10. Re1 a6 11. d5 Nbd7 12. Bf1 Qc7 13. a4 Rae8 14. e4 e5 15. dxe6 Rxe6 16. Nd5 Nxd5 17. cxd5 Ree8 18. Qc2 Ne5 19. Bg3 Nxf3+ 20. gxf3 Bc8 21.
f4 Bd4 22. Rad1 Qd8 23. Bg2 Qf6 24. b3 b5 25. axb5 axb5 26. Qd3 Bd7 27. b4 h5 28. bxc5 dxc5 29. e5 Qg7 30. h4 b4 31. Qc4 Bc3 32.
Re3 Rc8 33. Rxc3 bxc3 34. Qxc3 Bf5 35. d6 Rfd8 36. Rc1 Be6 37. Qe3 c4 38. Qd4 Qf8 39. Be4 Qe8 40. Rc3 Qd7 41. Qe3 Rb8 42.
Qf3 Rdc8 43. Qe3 Rb3 44. Kh2 Rxc3 45. Qxc3 Qb5 46. f5 gxf5 47. Bf3 Qb3 48. Qd2 Qxf3 49. Qg5+ Kh7 50. d7 Bxd7 51. Bf4 Rc6 0-1

[Event "Early-Titled-Tuesday-Blitz-May-28-2024"]
[Site "Chess.com"]
[Date "2024.05.28"]
[Round "6"]
[White "Larina_Maria"]
[Black "subham777"]
[Result "0-1"]
[WhiteElo "2381"]
[BlackElo "2557"]
[TimeControl "180+1"]
[EndTime "9:08:14 PDT"]
[Termination "subham777 won by resignation"]

1. e4 e6 2. Nf3 d5 3. e5 c5 4.
b4 d4 5. bxc5 Bxc5 6. Bd3 Nc6 7.
O-O Nge7 8. Ba3 Bxa3 9. Nxa3 O-O 10. Nc4 Ng6 11. Re1 Qd5 12. Rb1 b5 13. Nd6 Ngxe5 14. Nxe5 Nxe5 15. Qh5 Nxd3 16. Qxd5 exd5 17. cxd3 a6 18.
Re7 Be6 19. Rc1 Rfd8 20. Nb7 Rdb8 21. Rcc7 Rc8 22. Nd6 Rxc7 23. Rxc7 b4 24. f4 g6 25. h3 h5 26. Kf2 a5 27. Rb7 Rd8 28. Nb5 Rc8 29.
Nc7 Bf5 30. Ke2 Kg7 31. Ra7 Kh6 32. Nxd5 Rc2 33. Rxa5 Rb2 34. Ne7 Be6 35. Nd5 Bxd5 36. Rxd5 Rxa2 37. Rb5 b3 38. Kd1 Ra1+ 39. Ke2 Rb1 40.
Kf2 b2 41. Kg3 Kg7 42. h4 Kf6 43. Rb6+ Ke7 44. Rb5 Kd6 45. f5 Kc6 46. Rb3 gxf5 47. Rb8 Kd5 48. Kh2 Ke5 49. Rb5+ Kf4 50. Rb4 Ke5 51. Rb5+ Kf6 52. Rb6+ Kg7 53. Rb5 Kg6 54. Rb6+ f6 55. Rb5 f4 56. Rb8 Kf5 57. Rb7 Kg4 58.
Rb5 Kxh4 59. Rf5 Kg4 60. Rb5 f3 61. gxf3+ Kxf3 62. Rf5+ Ke2 63. Rb5 Kxd3 64. Kg3 Rg1+ 65. Kh4 b1=Q 66. Rxb1 Rxb1 67. Kxh5 Rg1 68. Kh6 Ke4 0-1

[Event "Early-Titled-Tuesday-Blitz-May-28-2024"]
[Site "Chess.com"]
[Date "2024.05.28"]
[Round "6"]
[White "platy3"]
[Black "dmosesov"]
[Result "1/2-1/2"]
[WhiteElo "2875"]
[BlackElo "2664"]
[TimeControl "180+1"]
[EndTime "9:08:15 PDT"]
[Termination "Game drawn by stalemate"]

1. e4 e5 2. Nf3 Nc6 3. Bc4 Nf6 4. d3 h6 5. a4 d6 6. a5 a6 7. O-O g5 8. Nc3 Bg7 9. Be3 O-O 10. Nd5 Nxd5 11.
Bxd5 Ne7 12. Bb3 Ng6 13. Nd2 Kh7 14. g3 Qe7 15. Qh5 Nf4 16. gxf4 exf4 17. Kh1 fxe3 18.
fxe3 f5 19. exf5 Bxf5 20. Qe2 c6 21. c3 Bg6 22. Rxf8 Rxf8 23. Rf1 d5 24. d4 Rxf1+ 25. Nxf1 Qe4+ 26. Kg1 Qb1 27. Bd1 Be4 28. Nd2 Qxb2 29. Nxe4 Qxe2 30. Bxe2 dxe4 31. Bg4 Bf6 32. Bc8 Bd8 33.
Bxb7 Bxa5 34. c4 Kg6 35. Bxc6 Kf5 36. Kf2 Bc7 37. c5 Bxh2 38. d5 h5 39. d6 Ke6 40.
Bxe4 g4 41. Bg6 h4 42. Bh5 Kd5 43. Kg2 Bg3 44. d7 Bc7 45. Bxg4 Kxc5 46. Kh3 Bd8 47.
e4 Kd6 48. Bf5 Ke5 49. Bh7 a5 50. Bg8 Kxe4 51. Bf7 Ke5 52. Bg8 Kd6 53. Bf7 Kc5 54. Bg8 Kb4 55. Bf7 a4 56. Bg8 Kc3 57. Bf7 Kb2 58. Bg8 a3 59. Bf7 a2 60. Bxa2 Kxa2 61. Kg2 Kb3 62. Kh1 Kc4 63. Kg1 Kd5 64. Kh1 Kd6 65. Kg1 Kxd7 66. Kh1 Ke6 67. Kg1 Kf5 68. Kh1 Kg4 69. Kg1 h3 70. Kh1 Kg3 71. Kg1 h2+ 72. Kh1 Bc7 1/2-1/2

[Event "Early-Titled-Tuesday-Blitz-May-28-2024"]
[Site "Chess.com"]
[Date "2024.05.28"]
[Round "6"]
[White "PonyQueen07"]
[Black "UK_23"]
[Result "0-1"]
[WhiteElo "2059"]
[BlackElo "2411"]
[TimeControl "180+1"]
[EndTime "9:08:15 PDT"]
[Termination "UK_23 won on time"]

1. c4 Nf6 2. Nc3 c5 3. g3 g6 4. Bg2 Bg7 5. e4 O-O 6. Nge2 Nc6 7. O-O Ne8 8. d3 Nc7 9. Be3 Ne6 10. Qd2 Ned4 11. f4 d6 12. Rad1 f5 13. exf5 gxf5 14. a3 e6 15. b4 Rb8 16. b5 Ne7 17. Bxd4 cxd4 18. Nb1 Qb6 19. a4 Qc5 20. a5 b6 21.
a6 Bd7 22. Qb2 Be8 23. Qa3 Bh5 24. Qxc5 bxc5 25. Rd2 e5 26. fxe5 dxe5 27. Bb7 Bh6 28. Rb2 Be3+ 29. Kg2 Rf6 30. Ng1 Rbf8 31. Nf3 e4 32.
dxe4 fxe4 33. Bxe4 Ng6 34. Bxg6 Bxg6 35. Nfd2 Rf2+ 36.
Rxf2 Rxf2+ 37. Kh3 h5 38. b6 Bf5+ 39. g4 Bxg4+ 40. Kg3 axb6 41. a7 Rf8 42. Rxb6 Bf4+ 43. Kg2 Ra8 44. Rb7 Bf5 45. Kf2 Bxh2 46. Na3 Bf4 47. Nf3 Be3+ 48. Kg2 Be4 49. Rc7 Bf4 50.
Rd7 d3 51. Nb5 d2 52. Kf2 Bc2 53.
Nxd2 Bxd2 54. Rxd2 Bb3 55. Nd6 Rxa7 56. Ne4 Rc7 57. Rc2 Bxc2 58. Ke3 Bxe4 0-1

[Event "Early-Titled-Tuesday-Blitz-May-28-2024"]
[Site "Chess.com"]
[Date "2024.05.28"]
[Round "6"]
[White "Mr_ruthless"]
[Black "littlepinkyboy"]
[Result "0-1"]
[WhiteElo "2473"]
[BlackElo "2635"]
[TimeControl "180+1"]
[EndTime "9:08:16 PDT"]
[Termination "littlepinkyboy won on time"]

1. e4 c5 2. Nf3 d6 3. d4 cxd4 4. Nxd4 Nf6 5. Nc3 a6 6. Bg5 Nbd7 7. Bc4 Qc7 8. Bb3 e6 9. Qe2 b5 10. O-O-O Nc5 11. f3 Be7 12. Kb1 Bd7 13. h4 b4 14.
Nd5 exd5 15. exd5 Kf8 16. Rhe1 Re8 17. h5 h6 18. Bh4 Nxd5 19. Bxe7+ Rxe7 20. Qc4 Nxb3 21.
Qxb3 Be6 22. Nxe6+ fxe6 23. f4 Nf6 24. Rxe6 Rxe6 25.
Qxe6 Qd7 26. Qe2 Kf7 27. Qxa6 d5 28. Qb6 Re8 29. Qxb4 Re4 30. Qd2 Qg4 31. Rf1 Re2 32. Qd3 Rxg2 33. a4 Qxh5 34. a5 Qe2 35. a6 Qxd3 36. cxd3 Re2 37. Rc1 Re8 38. Rc7+ Kg6 39. b4 Ra8 40. b5 h5 41. a7 h4 42. b6 h3 43. Rc1 Nd7 44. Rc6+ Kf5 45. Kb2 h2 46. Rc1 Nxb6 47. Ra1 Rxa7 48. Rg1 Na4+ 49. Kb3 hxg1=Q 0-1

[Event "Early-Titled-Tuesday-Blitz-May-28-2024"]
[Site "Chess.com"]
[Date "2024.05.28"]
[Round "6"]
[White "yobdc"]
[Black "juancruzarias"]
[Result "0-1"]
[WhiteElo "2523"]
[BlackElo "2681"]
[TimeControl "180+1"]
[EndTime "9:08:17 PDT"]
[Termination "juancruzarias won by checkmate"]

1. e4 c6 2. d4 d5 3. exd5 cxd5 4. Bd3 Nc6 5. c3 Nf6 6. h3 e5 7. dxe5 Nxe5 8. Nf3 Nxd3+ 9. Qxd3 Bd6 10. Qe2+ Be7 11.
O-O O-O 12. Rd1 Bc5 13. Bg5 h6 14. Bxf6 Qxf6 15. Rxd5 Bb6 16. Nbd2 Be6 17. Ne4 Qf4 18. Rd2 Rfe8 19. Nd6 Red8 20. Rad1 Rd7 21. Qe5 Qa4 22.
Nf5 Bxf5 23. Qxf5 Qxd1+ 24. Rxd1 Rxd1+ 25. Kh2 Bc7+ 26. g3 Rad8 27. Kg2 R1d7 28. Nd4 Bb6 29. Nf3 Re7 30. h4 Re2 31. h5 Rxf2+ 32. Kh3 Re8 33. Qd3 Rfe2 34. Nh4 R2e3 35. Qd7 R3e7 36. Qd5 Re5 37.
Qd7 R5e7 38. Qd5 Rd8 39. Qc4 Rc7 40. Qe4 Bc5 41. Nf5 Bf8 42. Qg4 Kh8 43. Qe4 Rcd7 44. Qe5 Kg8 45. Qe4 b6 46. b4 Rc7 47. Qe5 Rdc8 48. Qe4 Rxc3 49. Qg4 Kh8 50. Qd4 R3c4 51. Qd7 R4c7 52. Qd5 Kg8 53. a3 a5 54. bxa5 Rc5 55. Qd3 bxa5 56. Qe4 R5c7 57. Qg4 Kh8 58. a4 Rc4 59.
Qd1 R4c5 60. Qd3 Re5 61. Qd7 Rcc5 62. Nd6 Bxd6 63. Qxd6 Rf5 64. Qf8+ Kh7 65. g4 Rf3+ 66. Kh4 Rcc3 67. g5 Rf4# 0-1